 Dungeon Crawl Stone Soup version 0.27-a0-1431-gcffa5a9b16 (webtiles) character file.

Game seed: 11779708261680920592

37 wesbby the Ruffian (level 3, -1/36 HPs)
             Began as a Troll Berserker on July 2, 2021.
             Was a Believer of Trog.
             Splashed by a jelly's acid (2 damage)
             ... on level 3 of the Dungeon.
             The game lasted 00:01:23 (715 turns).

wesbby the Ruffian (Troll Berserker)                 Turns: 715, Time: 00:01:24

Health: -1/36      AC:  0    Str: 26    XL:     3   Next: 21%
Magic:  2/2        EV: 10    Int:  3    God:    Trog [**....]
Gold:   49         SH:  0    Dex:  9    Spells: 2/2 levels left

rFire    + . .     SeeInvis .     - Unarmed
rCold    + . .     Faith    .   (no shield)
rNeg     . . .     Spirit   .   a - +0 animal skin
rPois    .         Reflect  .   (helmet restricted)
rElec    .         Harm     .   c - scarf {rC+ rF+}
rCorr    .         Rampage  .   (gloves unavailable)
Will     .....                  (boots unavailable)
Stlth    +.........             (no amulet)
HPRegen  1.12/turn              (no ring)
MPRegen  0.08/turn              (no ring)

@: corroded
A: large, unfitting armour, claws 3, regeneration 1, shaggy fur 1, tough skin 1
a: Renounce Religion, Berserk, Trog's Hand


You were on level 3 of the Dungeon.
You worshipped Trog.
Trog was pleased with you.
You visited 1 branch of the dungeon, and saw 4 of its levels.

You collected 49 gold pieces.

Inventory:

Armour
 a - a +0 animal skin (worn)
 c - a scarf of resistance (worn)
Scrolls
 e - a scroll of magic mapping {unknown}
Potions
 b - a potion of degeneration {unknown}
 d - 3 potions of curing {unknown}
 f - a potion of heal wounds {unknown}
 g - a potion of might {unknown}


   Skills:
 * Level 2.8 Fighting
 + Level 2.7 Dodging
 * Level 3.6 Unarmed Combat


You had 2 spell levels left.
You didn't know any spells.
Your spell library was empty.

Dungeon Overview and Level Annotations

Branches:
Dungeon (4/15)
 Temple: D:4-7

Altars:


Innate Abilities, Weirdness & Mutations

You are too large for most types of armour.
You have claws for hands.
Your natural rate of healing is unusually fast.
You are covered in fur. (AC +1)
You have tough skin. (AC +1)


Message History

The jelly hits you.
You are splashed with acid.
You are too injured to fight recklessly!
You are too injured to fight recklessly!
You are too injured to fight recklessly!
You are too injured to fight recklessly!
You are too injured to fight recklessly!
You are too injured to fight recklessly!
You are too injured to fight recklessly!
You are too injured to fight recklessly!
You are too injured to fight recklessly!
You are too injured to fight recklessly!
You are too injured to fight recklessly!
You are too injured to fight recklessly!
You are too injured to fight recklessly!
You are too injured to fight recklessly!
You are too injured to fight recklessly!
You are too injured to fight recklessly!
You are too injured to fight recklessly!
You are too injured to fight recklessly!
You are too injured to fight recklessly!
You are too injured to fight recklessly!
You are too injured to fight recklessly!
Unknown command.
There is a stone staircase leading up here.
The jelly hits you.
You are splashed with acid!
You climb upwards.
Found four items.
There is a stone staircase leading down here.
You scratch the jelly.
Your claws burn!
The jelly is severely wounded.
The jelly hits you.
You are splashed with acid!
* * * LOW HITPOINT WARNING * * *
You are too injured to fight recklessly!
You are too injured to fight recklessly!
The jelly hits you.
* * * LOW HITPOINT WARNING * * *
You are splashed with acid!
* * * LOW HITPOINT WARNING * * *
You scratch the jelly.
Your claws burn!
You die...

#.. .#
#..####.#
.......# # #
..(..?# ..
..#.#.....##...
#.....!......
#.......#
#.###>.#
#...@J.#
#####.## #.#
#.! ####


You could see a jelly.

Vanquished Creatures
  2 dart slugs (D:1)
  3 ball pythons (D:1)
  7 bats
  3 endoplasms (D:1)
  2 giant cockroaches
  2 goblins (D:1)
  2 hobgoblins (D:1)
  4 kobolds (D:1)
  A quokka (D:1)
  4 rats (D:1)
30 creatures vanquished.

Notes
Turn   | Place    | Note
-------+----------+-------------------------------------------
     0 | D:1      | wesbby the Troll Berserker began the quest for the Orb.
     0 | D:1      | Reached XP level 1. HP: 22/22 MP: 0/0
    38 | D:1      | Reached XP level 2. HP: 29/29 MP: 1/1
   344 | D:1      | Reached ** piety under Trog
   359 | D:1      | Reached XP level 3. HP: 36/36 MP: 2/2
   692 | D:2      | You fall into a shaft and drop 2 floors!
   714 | D:3      | HP: 1/36 [acid (7)]
   715 | D:3      | Splashed by a jelly's acid

Illustrated notes

Levels and vault maps discovered:
D:1:      nzn_arrival_water_spiral, layout_rooms, st_stairs_6,
          kennysheep_decorative_pillar, minmay_domino_4
D:2:      layout_basic
D:3:      layout_loops_cross, shapermc_ecumenical_altar_mp_vishouse, uniq_robin,
          uniq_sigmund
D:4:      layout_basic, uniq_pikel

Action                   || total
-------------------------++-------
Melee: Unarmed           ||    77
       Punch             ||     1
Armor: Animal skin       ||    28
Dodge: Dodged            ||    48

Table legend: (Time is in decaauts)
 A = Elapsed time spent in this place.
 B = Non-inter-level travel time spent in this place.
 C = Inter-level travel time spent in this place.
 D = Time resting spent in this place.
 E = Time spent auto-exploring this place.
 F = Levels seen in this place.
 G = Mean time per level.
                   A        B        C        D        E       F      G
               +--------+--------+--------+--------+--------+-----+--------+
         Total |    714 |    714 |      0 |      0 |    524 |   4 |  178.5 |
       Dungeon |    714 |    714 |      0 |      0 |    524 |   4 |  178.5 |
               +--------+--------+--------+--------+--------+-----+--------+

Top non-repeatable levels by time:
     D:1: 626 daAuts
     D:2: 66 daAuts
     D:4: 19 daAuts
     D:3: 2 daAuts
